 Dungeon Crawl Stone Soup version 0.22.1-1-ga44c0e5 (webtiles) character file.

543 rgaf the Cudgeler (level 7, -4/44 HPs)
             Began as a Gargoyle Monk on Oct 3, 2018.
             Slain by an ogre
             ... wielding a +0 giant club
              (20 damage)
             ... on level 5 of the Dungeon.
             The game lasted 00:04:38 (5851 turns).

rgaf the Cudgeler (Gargoyle Monk)                   Turns: 5851, Time: 00:04:39

Health: -4/44      AC: 14    Str: 16    XL:     7   Next: 27%
Magic:  7/7        EV:  7    Int: 11    God:
Gold:   174        SH:  0    Dex: 12    Spells: 6/6 levels left

rFire    . . .     SeeInvis .   c - +0 flail
rCold    . . .     Gourm    .   (no shield)
rNeg     + + .     Faith    .   d - +0 chain mail
rPois    ∞         Spirit   .   (no helmet)
rElec    +         Reflect  .   (no cloak)
rCorr    .         Harm     .   (no gloves)
MR       .....                  (no boots)
Stlth    ..........             (no amulet)
HPRegen  0.14/turn              p - ring of wizardry
MPRegen  0.10/turn              y - ring of positive energy

@: no status effects
A: negative energy resistance 1, electricity resistance, unbreathing,
petrification resistance, rot immunity, AC +4
a: no special abilities


You were on level 5 of the Dungeon.
You were not hungry.

You visited 1 branch of the dungeon, and saw 6 of its levels.

You collected 174 gold pieces.

Inventory:

Hand Weapons
 a - a +1 mace
 c - a +0 flail (weapon)
Missiles
 i - 10 javelins (quivered)
Armour
 b - a +0 robe
 d - a +0 chain mail (worn)
Jewellery
 p - a ring of wizardry (left hand)
 y - a ring of positive energy (right hand)
Scrolls
 k - 2 scrolls of immolation {unknown}
 l - a scroll of remove curse {unknown}
 n - a scroll of blinking {unknown}
 o - a scroll of magic mapping {unknown}
 r - 2 scrolls of fear {unknown}
 s - 3 scrolls of identify
 w - a scroll of noise {unknown}
 x - a scroll of teleportation
Potions
 f - a potion of degeneration {unknown}
 h - 2 potions of brilliance
 j - a potion of resistance
 m - a potion of heal wounds {unknown}
 q - 2 potions of flight {unknown}
 t - a potion of curing {unknown}
 u - 2 potions of haste {unknown}
 v - a potion of ambrosia {unknown}
Comestibles
 e - 6 rations


   Skills:
 + Level 5.2 Fighting
 * Level 6.1 Maces & Flails
 + Level 3.7 Armour
 - Level 2.4 Dodging
 - Level 2.1 Stealth


You had 6 spell levels left.
You didn't know any spells.
Your spell library was empty.

Dungeon Overview and Level Annotations

Branches:
Dungeon (6/15)
 Temple: D:4-7

Altars:
Ashenzari
Kikubaaqudgha
Sif Muna
Trog
Yredelemnul
The Shining One

Annotations:
D:2 1 runed door
D:3 3 runed doors, FallenXxXSky's ghost, amateur SpEn; Penter's ghost, amateur MiBe; Shepard's ghost, amateur DrGl; Zeus's ghost, amateur HuFE


Innate Abilities, Weirdness & Mutations

You are resistant to torment.
Your stone body is resilient. (AC +4)
You are immune to poison.
You resist negative energy. (rN+)
You are resistant to electric shocks. (rElec)
You can survive without breathing.
You are immune to petrification.
You are immune to rotting.


Message History

You hit the ogre but do no damage.
The ogre is severely wounded.
The ogre hits you but does no damage.
You hit the ogre.
The ogre is severely wounded.
The ogre hits you with a giant club!
You are too injured to fight recklessly!
Your chain mail prevents you from hitting the ogre.
The ogre is severely wounded.
You are too injured to fight recklessly!
You hit the ogre.
The ogre is almost dead.
The ogre closely misses you.
You barely miss the ogre.
The ogre is almost dead.
The ogre completely misses you.
You hit the ogre.
The ogre is almost dead.
The ogre hits you with a giant club!!
You die...

#################
#...............#
#.#############.##
#@# ............
#O# #########.....
... ..............
##.#.
#......#..###
#...##......#..# #
### ##......#..###
#......#..#..
#......#..#.#
#......#..#.#


You could see an ogre.

Vanquished Creatures
  An ice beast (D:6)
  2 orc priests
  An iguana (D:5)
  4 orc wizards (D:3)
  2 worker ants (D:4)
  A hound skeleton (D:4)
  6 adders
  An ooze (D:1)
  An adder skeleton (D:5)
  4 worms
  2 dart slugs
  2 leopard geckos
  26 orcs
  A ball python (D:1)
  11 bats
  5 giant cockroaches
  5 goblins
  9 hobgoblins
  4 jackals (D:3)
  3 kobolds (D:2)
  3 frilled lizards
  A quokka skeleton (D:4)
  9 rats
104 creatures vanquished.

Vanquished Creatures (others)
  2 withered plants (D:3)
2 creatures vanquished.

Grand Total: 106 creatures vanquished

Notes
Turn   | Place    | Note
-------+----------+-------------------------------------------
     0 | D:1      | rgaf the Gargoyle Monk began the quest for the Orb.
     0 | D:1      | Reached XP level 1. HP: 14/14 MP: 1/1
    64 | D:1      | Reached XP level 2. HP: 7/19 MP: 2/2
   397 | D:1      | Reached skill level 1 in Armour
   595 | D:1      | Reached XP level 3. HP: 23/23 MP: 3/3
   802 | D:1      | Found a shattered altar of Ashenzari.
  1362 | D:2      | Reached skill level 4 in Maces & Flails
  1362 | D:2      | Reached XP level 4. HP: 29/29 MP: 4/4
  1943 | D:2      | Found a runed door.
  2698 | D:3      | HP: 1/29 [orc priest/flail (4)]
  2699 | D:3      | Reached XP level 5. HP: 1/33 MP: 5/5
  3661 | D:3      | Reached skill level 5 in Maces & Flails
  3681 | D:3      | Found a runed gate.
  3682 | D:3      | Found a runed gate.
  3683 | D:3      | Found a runed gate.
  3684 | D:3      | Noticed FallenXxXSky's ghost (amateur SpEn)
  3684 | D:3      | Noticed Zeus's ghost (amateur HuFE)
  3684 | D:3      | Noticed Penter's ghost (amateur MiBe)
  3684 | D:3      | Noticed Shepard's ghost (amateur DrGl)
  3837 | D:4      | Reached XP level 6. HP: 39/39 MP: 6/6
  3851 | D:4      | Found a basalt altar of Yredelemnul.
  4128 | D:4      | Found a glowing golden altar of the Shining One.
  4129 | D:4      | Found an ancient bone altar of Kikubaaqudgha.
  4794 | D:4      | Reached skill level 5 in Fighting
  5059 | D:4      | Found a deep blue altar of Sif Muna.
  5115 | D:5      | Entered Level 5 of the Dungeon
  5165 | D:5      | You fall through a shaft!
  5172 | D:6      | Noticed an ice beast
  5205 | D:6      | Killed an ice beast
  5205 | D:6      | Reached skill level 6 in Maces & Flails
  5205 | D:6      | Reached XP level 7. HP: 6/44 MP: 7/7
  5516 | D:5      | Found a bloodstained altar of Trog.
  5851 | D:5      | Slain by an ogre

Skill      XL: |  1  2  3  4  5  6 |
---------------+-------------------+-----
Armour         | 1 2 3 |  3.7
Maces & Flails | 4 5 6 |  6.1
Fighting       | 4 5 |  5.2
Dodging        | |  2.4
Stealth        | |  2.1

Action                   |  1- 3 |  4- 6 |  7- 9 || total
-------------------------+-------+-------+-------++-------
Melee: Mace              |   112 |    73 |       ||   185
       Flail             |       |   259 |    41 ||   300
  Use: Scroll            |       |     5 |       ||     5
 Stab: Sleeping          |     5 |     2 |       ||     7
  Eat: Chunk             |     2 |    12 |     2 ||    16
Armor: Robe              |    49 |    39 |       ||    88
       Chain mail        |       |   155 |    24 ||   179
Dodge: Dodged            |    96 |   152 |    11 ||   259
